[Event "Late-Titled-Tuesday-Blitz-April-02-2024"]
[Site "Chess.com"]
[Date "2024.04.02"]
[Round "1"]
[White "Quattroporte300"]
[Black "Shankland"]
[Result "0-1"]
[WhiteElo "2494"]
[BlackElo "2910"]
[TimeControl "180+1"]
[EndTime "14:05:56 PDT"]
[Termination "Shankland won by resignation"]

1. e4 c5 2. Nf3 d6 3. d4 cxd4 4. Nxd4 Nf6 5. Nc3 Nc6 6. f3 e5 7. Nb3 Be6 8. Be3 Be7 9. Qd2 d5 10. exd5 Nxd5 11. Nxd5 Qxd5 12. Qxd5 Bxd5 13. O-O-O O-O-O 14. Bb5 a6 15. Bxc6 Bxc6 16. Na5 Bb5 17. c4 Bd7 18. c5 Bb5 19. b3 f5 20. a4 Bd3 21.
Kb2 f4 22. Bf2 e4 23. fxe4 Bxe4 24. Nc4 Bxg2 25. Rhg1 Rxd1 26. Rxd1 Bc6 27. Nb6+ Kb8 28. Bd4 Rg8 29. Be5+ Ka7 30. Bxf4 Bxc5 31. Nd7 Rd8 32. Bb8+ Ka8 33. b4 Rxd7 34. Rxd7 Bxd7 0-1

[Event "Late-Titled-Tuesday-Blitz-April-02-2024"]
[Site "Chess.com"]
[Date "2024.04.02"]
[Round "1"]
[White "N_Mullodzhanov"]
[Black "Sesleria"]
[Result "1-0"]
[WhiteElo "2567"]
[BlackElo "2162"]
[TimeControl "180+1"]
[EndTime "14:05:57 PDT"]
[Termination "N_Mullodzhanov won by resignation"]

1. e4 c5 2. c3 d5 3. exd5 Qxd5 4. d4 Nc6 5. Nf3 e5 6. dxe5 Qxd1+ 7. Kxd1 Bg4 8. Be2 O-O-O+ 9. Ke1 f6 10. exf6 gxf6 11.
h3 Bh5 12. Be3 Nh6 13. Nh4 Bf7 14. Nd2 Ne5 15. Ndf3 Nd3+ 16. Bxd3 Rxd3 17. Ke2 Bc4 18. b3 Ba6 19. c4 Rd8 20. Rhd1 b5 21. Rxd8+ Kxd8 22. cxb5 Bxb5+ 23. Ke1 c4 24. Nd4 Bb4+ 25. Kd1 a6 26. Nxb5 axb5 27. Bxh6 Re8 28. Nf3 c3 29. Be3 Ba3 30. Kc2 b4 31. Rd1+ Kc7 32.
Nd4 Kb7 33. Bc1 Bxc1 34. Kxc1 Re4 35. Nc2 f5 36. g3 h5 37. f3 Re2 38. Nxb4 Rg2 39.
Rd7+ Kc8 40. Nd5 Rxg3 41. Nb6+ Kb8 42. Rh7 Rxh3 43. Nd7+ Kc8 44. Kc2 Rxf3 45. Nb6+ Kb8 46. Nd5 Rf2+ 47. Kxc3 Rxa2 48. Rxh5 f4 49. Rh8+ Kb7 50.
Nxf4 Kc6 51. Rh5 1-0

[Event "Late-Titled-Tuesday-Blitz-April-02-2024"]
[Site "Chess.com"]
[Date "2024.04.02"]
[Round "1"]
[White "Stalri"]
[Black "elcala"]
[Result "1-0"]
[WhiteElo "2550"]
[BlackElo "1809"]
[TimeControl "180+1"]
[EndTime "14:05:57 PDT"]
[Termination "Stalri won by checkmate"]

1. Nf3 d5 2. c4 c6 3. e3 Nf6 4. Nc3 Bf5 5. d4 e6 6. Bd3 Bg6 7. O-O Nbd7 8. b3 Bd6 9. Bb2 Bh5 10. h3 Bb8 11. Rc1 Qc7 12. Re1 g5 13. cxd5 exd5 14. Be2 g4 15. hxg4 Bxg4 16. Ba3 Rg8 17. Nb5 Qd8 18.
Nd6+ Bxd6 19. Bxd6 Ne4 20. Bf4 h5 21. Nd2 Bxe2 22.
Qxe2 Qh4 23. Nxe4 dxe4 24. g3 Qh3 25. Qf1 Qg4 26. d5 cxd5 27. Rc7 h4 28. Rec1 hxg3 29. fxg3 Nf6 30. Qb5+ Kf8 31. Qxb7 Re8 32. Rxf7# 1-0

[Event "Late-Titled-Tuesday-Blitz-April-02-2024"]
[Site "Chess.com"]
[Date "2024.04.02"]
[Round "1"]
[White "jlf287"]
[Black "shirovin"]
[Result "0-1"]
[WhiteElo "2543"]
[BlackElo "2070"]
[TimeControl "180+1"]
[EndTime "14:05:58 PDT"]
[Termination "shirovin won by checkmate"]

1. e4 Nf6 2. e5 Nd5 3. d4 d6 4. c4 Nb6 5. exd6 exd6 6. Nc3 Be7 7.
Bd3 Nc6 8. Nge2 O-O 9. O-O Bg4 10. Qc2 Bf6 11. Bxh7+ Kh8 12. f3 Bd7 13. d5 Ne5 14. Bd3 g6 15. b3 Re8 16. Bb2 Nxd3 17.
Qxd3 Bf5 18. Qd2 Nd7 19. Nd4 Ne5 20. Nxf5 gxf5 21. Qh6+ Kg8 22. f4 Bg7 23. Qh5 Nd3 24. Na4 Nxb2 25. Nxb2 Bxb2 26. Rab1 Bg7 27. Qxf5 Qf6 28.
Qxf6 Bxf6 29. Kf2 Bd4+ 30. Kf3 Re3+ 31. Kg4 Kh7 32. g3 Re2 33. Rbe1 Rae8 34. Rd1 Bc5 35. h4 Rxa2 36. Kh5 Rg2 37. g4 Rg8 38. g5 Kg7 39. f5 Rh8# 0-1

[Event "Late-Titled-Tuesday-Blitz-April-02-2024"]
[Site "Chess.com"]
[Date "2024.04.02"]
[Round "1"]
[White "kikoveiga"]
[Black "jcibarra"]
[Result "0-1"]
[WhiteElo "2511"]
[BlackElo "2971"]
[TimeControl "180+1"]
[EndTime "14:05:59 PDT"]
[Termination "jcibarra won by resignation"]

1. e4 c5 2. Nf3 Nc6 3. d4 cxd4 4. Nxd4 e5 5. Nb5 a6 6. Nd6+ Bxd6 7. Qxd6 Qe7 8. Qd1 Nf6 9. Nc3 d6 10. Bg5 Be6 11.
Qd2 h6 12. Bxf6 Qxf6 13. O-O-O O-O 14. f3 Rfd8 15. Be2 Rac8 16. g4 Nd4 17. Qe3 b5 18. Rd2 b4 19. Nd5 Bxd5 20. exd5 Rc5 21. h4 Rdc8 22. Bd1 Qd8 23. Kb1 Rc3 24. Qf2 Qa5 25. f4 b3 26. a3 bxc2+ 27. Bxc2 Rxc2 28. g5 0-1

[Event "Late-Titled-Tuesday-Blitz-April-02-2024"]
[Site "Chess.com"]
[Date "2024.04.02"]
[Round "1"]
[White "xasid81"]
[Black "kiwibobo"]
[Result "1-0"]
[WhiteElo "2623"]
[BlackElo "2304"]
[TimeControl "180+1"]
[EndTime "14:05:59 PDT"]
[Termination "xasid81 won by resignation"]

1. e4 e5 2. Nf3 Nc6 3. Nc3 Nf6 4.
Be2 a6 5. d4 exd4 6. Nxd4 Bb4 7. Nxc6 bxc6 8. O-O O-O 9. e5 Bxc3 10. bxc3 Nd5 11.
Bb2 Rb8 12. Rb1 Qg5 13. c4 Rxb2 14. Rxb2 Nc3 15. Qe1 Qxe5 16. Bd3 Ne2+ 17. Qxe2 Qxb2 18. Qe7 Qf6 19. Bxh7+ Kxh7 20. Qxf8 Bb7 21. Qb4 Bc8 22. h3 d6 23. Qb8 Be6 24. Qxc7 c5 25. Qxd6 Qg5 26.
Qg3 Qxg3 27. fxg3 Bxc4 28. Rf5 Bxa2 29. Rxc5 Be6 30. Rc6 a5 31. Ra6 Bf5 32. c3 a4 33.
Rxa4 Kg6 34. Rd4 Kf6 35. Kf2 Ke5 36. g4 Be6 37. h4 Bb3 38. g5 Be6 39. g4 Bb3 40.
Kg3 Be6 41. h5 Bb3 42. Kh4 Bc2 43. h6 gxh6 44. gxh6 Bg6 45. g5 Bf5 46. Rd2 Bg6 47. c4 Ke6 48. c5 Be4 49. Re2 Kd5 50. Rxe4 Kxe4 51. h7 1-0

[Event "Late-Titled-Tuesday-Blitz-April-02-2024"]
[Site "Chess.com"]
[Date "2024.04.02"]
[Round "1"]
[White "B_nn_t"]
[Black "Slovak_fighter2000"]
[Result "1-0"]
[WhiteElo "2237"]
[BlackElo "2564"]
[TimeControl "180+1"]
[EndTime "14:06:04 PDT"]
[Termination "B_nn_t won by resignation"]

1. e4 e6 2. d4 d5 3. Nc3 Nf6 4. e5 Nfd7 5. f4 c5 6. Nf3 Nc6 7. Be3 Be7 8. Qd2 O-O 9. dxc5 Qa5 10.
Nd4 Bxc5 11. Be2 Nxd4 12. Bxd4 b6 13. O-O-O Bb7 14. Kb1 Rac8 15. a3 Bxd4 16. Qxd4 Qc5 17. h4 Qxd4 18. Rxd4 Nc5 19. h5 Rfd8 20. h6 g6 21. g4 Kf8 22. Rf1 Ke7 23. Bd3 Nxd3 24. cxd3 a5 25. f5 gxf5 26. gxf5 Ba6 27. f6+ Kd7 28.
Rg1 Rg8 29. Rg7 Rxg7 30. hxg7 h5 31. Kc2 Rg8 32. Rh4 d4 33. Rxd4+ Kc7 34. Rh4 b5 35. b4 axb4 36. axb4 1-0

[Event "Late-Titled-Tuesday-Blitz-April-02-2024"]
[Site "Chess.com"]
[Date "2024.04.02"]
[Round "1"]
[White "Vahe_Danielyan"]
[Black "MasterSonnevanck23"]
[Result "0-1"]
[WhiteElo "2648"]
[BlackElo "2395"]
[TimeControl "180+1"]
[EndTime "14:06:10 PDT"]
[Termination "MasterSonnevanck23 won by resignation"]

1. d4 Nf6 2. c4 e6 3. Nf3 d5 4. cxd5 exd5 5. Nc3 c6 6. Bg5 Be7 7. e3 Bf5 8. Be2 O-O 9. O-O Nbd7 10. Nh4 Be6 11. Bd3 Ne4 12. Nxe4 dxe4 13. Bxe4 Bxg5 14.
Nf3 Be7 15. Qc2 Nf6 16. Bd3 c5 17. dxc5 Rc8 18. b4 b6 19. Ba6 Rc7 20. Rfd1 Qa8 21. Bc4 Bxc4 22. Qxc4 bxc5 23. b5 Qe4 24. Qc3 Nd5 25.
Qd2 Bf6 26. Rac1 Nb6 27. Qd6 Qe7 28. Qg3 Rd8 29. Re1 c4 30. Nd4 Bxd4 31. exd4 Qd7 32. Qf4 Nd5 33. Qf3 c3 34. g3 h6 35. Re5 c2 36. Qe4 Nf6 37. Qe2 Qxd4 38. Kg2 Qd1 39. Qe3 Qxc1 40. Qxc1 Rd1 0-1

[Event "Late-Titled-Tuesday-Blitz-April-02-2024"]
[Site "Chess.com"]
[Date "2024.04.02"]
[Round "1"]
[White "Mikhail_Golubev"]
[Black "Navyblue1"]
[Result "1-0"]
[WhiteElo "2601"]
[BlackElo "2262"]
[TimeControl "180+1"]
[EndTime "14:06:10 PDT"]
[Termination "Mikhail_Golubev won by resignation"]

1. e4 c5 2. Nf3 d6 3. d4 cxd4 4. Nxd4 Nf6 5. Nc3 a6 6. Bc4 b5 7. Bb3 Bb7 8. O-O e6 9. Re1 Be7 10. Bxe6 fxe6 11. Nxe6 Qc8 12. Nxg7+ Kf7 13. Nf5 Qe6 14.
Bf4 Nbd7 15. Bxd6 Bd8 16. Qf3 h5 17. Rad1 Rc8 18. Nd5 Rc6 19. Nf4 Qc4 20. e5 Rxd6 21. Nxd6+ 1-0

[Event "Late-Titled-Tuesday-Blitz-April-02-2024"]
[Site "Chess.com"]
[Date "2024.04.02"]
[Round "1"]
[White "sergiochess83"]
[Black "best926"]
[Result "1-0"]
[WhiteElo "2972"]
[BlackElo "2511"]
[TimeControl "180+1"]
[EndTime "14:06:11 PDT"]
[Termination "sergiochess83 won by resignation"]

1. d4 d5 2. c4 e6 3. Nc3 a6 4. cxd5 exd5 5. Nf3 h6 6. Bf4 Nf6 7. e3 Bd6 8. Bg3 Bxg3 9. hxg3 O-O 10. Bd3 Qe7 11.
Qc2 Re8 12. O-O-O b5 13. Kb1 Nbd7 14. Rh4 c5 15. dxc5 Nxc5 16. Nxd5 Nxd5 17. Bh7+ Kh8 18. Rxd5 Ne6 19. Ne5 Bb7 20. Rd7 Qxd7 21. Nxd7 Rac8 22. Qd3 Rc7 23. Bf5 Rd8 24. Bxe6 fxe6 25. Rxh6+ gxh6 26. Qd4+ Kg8 27. Nf6+ Kf7 28. Qxd8 Be4+ 29. Nxe4 1-0

[Event "Late-Titled-Tuesday-Blitz-April-02-2024"]
[Site "Chess.com"]
[Date "2024.04.02"]
[Round "1"]
[White "Blackwhite017"]
[Black "VanRommel28"]
[Result "0-1"]
[WhiteElo "2075"]
[BlackElo "2562"]
[TimeControl "180+1"]
[EndTime "14:06:11 PDT"]
[Termination "VanRommel28 won on time"]

1. e4 g6 2. d4 Bg7 3. Nf3 d6 4. Bc4 e6 5. O-O Ne7 6. c3 O-O 7. Re1 b6 8. Bg5 h6 9. Bh4 Bb7 10. Nbd2 Nd7 11. a4 a6 12. Qc2 c5 13. d5 e5 14. Bxe7 Qxe7 15. Nf1 Bc8 16. b4 f5 17. exf5 gxf5 18. Ng3 Qf7 19. Nh4 Nb8 20. bxc5 bxc5 21. Bd3 e4 22. Be2 Qf6 23. Nxe4 Qxh4 24. Nxd6 Be5 25.
g3 Qf6 26. Nxc8 Rxc8 27. Bf3 Nd7 28. d6 Rab8 0-1

[Event "Late-Titled-Tuesday-Blitz-April-02-2024"]
[Site "Chess.com"]
[Date "2024.04.02"]
[Round "1"]
[White "protectiago"]
[Black "anasta10"]
[Result "0-1"]
[WhiteElo "2062"]
[BlackElo "2559"]
[TimeControl "180+1"]
[EndTime "14:06:11 PDT"]
[Termination "anasta10 won by resignation"]

1. d4 Nf6 2. c4 c5 3. d5 d6 4.
Nc3 g6 5. g3 Bg7 6. Bg2 O-O 7.
Nf3 e6 8. O-O exd5 9. cxd5 Re8 10. Nd2 Bg4 11. Re1 Na6 12. Nc4 Nc7 13. a4 b6 14. Nxd6 Qxd6 15. Bf4 Qd7 16. d6 Ne6 17. Bxa8 Rxa8 18. Be5 Rd8 19. Qd2 Nd4 20. Bxd4 cxd4 21. Nb5 a6 22. Nxd4 Qxd6 23. e3 Ne4 24. Qd3 Ng5 25. Ra3 Nf3+ 26. Nxf3 Qxd3 27. Rxd3 Rxd3 28.
Nd4 Bxd4 29. exd4 Rxd4 30. Kg2 Rxa4 31. h3 Be6 32. Re2 Rb4 33. Rd2 a5 34. g4 Kg7 35.
Kg3 Rb3+ 36. f3 a4 37. Kf4 b5 38. h4 h6 39. h5 gxh5 40. gxh5 Kf6 41. Ke4 b4 42. f4 a3 43. bxa3 bxa3 44. Re2 Rb2 45. Re3 a2 46. Ra3 Rb1 0-1

[Event "Late-Titled-Tuesday-Blitz-April-02-2024"]
[Site "Chess.com"]
[Date "2024.04.02"]
[Round "1"]
[White "fmcabralis"]
[Black "Korchmar_Vasiliy"]
[Result "0-1"]
[WhiteElo "2416"]
[BlackElo "2738"]
[TimeControl "180+1"]
[EndTime "14:06:12 PDT"]
[Termination "Korchmar_Vasiliy won by resignation"]

1. e4 c5 2. Nf3 d6 3. d4 cxd4 4. Nxd4 Nf6 5. Nc3 Nc6 6. Bg5 Bd7 7. Qd2 a6 8. O-O-O e6 9. f4 Be7 10. Kb1 b5 11. Nxc6 Bxc6 12. Bxf6 gxf6 13. Bd3 Qb6 14. e5 fxe5 15. fxe5 dxe5 16. Be4 b4 17. Bxc6+ Qxc6 18. Ne2 Rc8 19. Rc1 Rg8 20. h4 Rxg2 21. Rhg1 Rd8 22. Qe1 f5 23. Rxg2 Qxg2 24. Ng1 Qe4 25. Qxe4 fxe4 26.
b3 Bxh4 27. Nh3 e3 28. Ng1 Rd2 29. Nf3 Bg3 30. Nxd2 exd2 31. Rd1 Be1 32. c3 h5 33.
Kc2 h4 34. cxb4 h3 35. Kd3 h2 0-1

[Event "Late-Titled-Tuesday-Blitz-April-02-2024"]
[Site "Chess.com"]
[Date "2024.04.02"]
[Round "1"]
[White "Josetricks"]
[Black "Darkdefense15"]
[Result "1-0"]
[WhiteElo "2666"]
[BlackElo "2373"]
[TimeControl "180+1"]
[EndTime "14:06:17 PDT"]
[Termination "Josetricks won by checkmate"]

1. d4 Nf6 2. Nc3 d5 3. Bf4 c5 4.
e3 cxd4 5. exd4 a6 6. Nf3 Nc6 7. Bd3 Bg4 8. Be3 e6 9. O-O Bd6 10. h3 Bh5 11. Be2 O-O 12. Qd2 b5 13. Ne1 Bxe2 14.
Nxe2 Ne4 15. Qd1 f5 16. f3 Nf6 17. Nd3 Nh5 18. c3 f4 19. Bf2 Ne7 20. Bh4 Qe8 21. Bxe7 Qxe7 22. a4 Qg5 23. axb5 axb5 24.
Qb3 Ng3 25. Nxg3 fxg3 26. Rxa8 Qe3+ 27. Kh1 Rxa8 28. Qxb5 Rb8 29. Qa6 Qe2 30. Re1 Qd2 31. Qxd6 Ra8 32. Qxe6+ Kf8 33. Nc5 g6 34. Qd6+ Kg7 35.
Ne6+ Kg8 36. Qe5 Kf7 37. Ng5+ Kg8 38. Qe6+ Kg7 39. Qe7+ Kh6 40. Nf7+ Kg7 41. Ne5+ Kh8 42. Ng4 Ra7 43. Qf8# 1-0

[Event "Late-Titled-Tuesday-Blitz-April-02-2024"]
[Site "Chess.com"]
[Date "2024.04.02"]
[Round "1"]
[White "olga-belka"]
[Black "djano"]
[Result "0-1"]
[WhiteElo "2361"]
[BlackElo "2658"]
[TimeControl "180+1"]
[EndTime "14:06:17 PDT"]
[Termination "djano won by resignation"]

1. e4 c5 2. Nf3 g6 3. g3 Bg7 4.
Bg2 Nc6 5. O-O d6 6. h3 Nf6 7. Re1 O-O 8. c3 e5 9. d4 cxd4 10. cxd4 exd4 11. Nxd4 Nxd4 12. Qxd4 Be6 13. Nc3 Nd5 14.
Qd3 Nxc3 15. bxc3 Rc8 16. Bd2 Qa5 17. Rab1 b6 18. Bf4 Bxc3 19. Rec1 Be5 20. Rxc8 Rxc8 21. Rb5 Qxa2 22. Bxe5 Bc4 23. Qc3 Be6 24. Qb2 dxe5 25. Qxe5 Qe2 26. Rb1 h5 27. Bf1 Qc2 28. Ra1 a5 29.
Qd4 Qc3 30. Qd1 Bb3 31. Qb1 Bc2 32. Qa2 Bxe4 33. Rd1 Qf3 0-1

[Event "Late-Titled-Tuesday-Blitz-April-02-2024"]
[Site "Chess.com"]
[Date "2024.04.02"]
[Round "1"]
[White "ninguno46"]
[Black "expii"]
[Result "1-0"]
[WhiteElo "2583"]
[BlackElo "2226"]
[TimeControl "180+1"]
[EndTime "14:06:19 PDT"]
[Termination "ninguno46 won on time"]

1. e4 c5 2. Nc3 d6 3. f4 Nc6 4.
Nf3 g6 5. Bb5 Bg7 6. Bxc6+ bxc6 7.
O-O e6 8. d3 Ne7 9. Rb1 O-O 10.
Bd2 Rb8 11. b3 Bd7 12. Qe1 d5 13. e5 d4 14. Na4 Rb5 15. Ng5 h6 16. Ne4 Nd5 17.
Naxc5 Nc3 18. Bxc3 dxc3 19. a4 Rb4 20. Qxc3 Qb6 21.
Kh1 Bc8 22. a5 Qxa5 23. Ra1 Qb6 24. Nf6+ Bxf6 25. exf6 Rb5 26. d4 Rd8 27. Rad1 Rd5 28. Qg3 Qd8 29. c4 Rxd4 30. Rxd4 Qxd4 31. cxb5 Qxc5 32.
Qd3 1-0

[Event "Late-Titled-Tuesday-Blitz-April-02-2024"]
[Site "Chess.com"]
[Date "2024.04.02"]
[Round "1"]
[White "AradNazari"]
[Black "FredddieCroderg"]
[Result "0-1"]
[WhiteElo "2648"]
[BlackElo "2386"]
[TimeControl "180+1"]
[EndTime "14:06:20 PDT"]
[Termination "FredddieCroderg won by resignation"]

1. e4 c6 2. Nf3 d5 3. Nc3 Bg4 4. h3 Bh5 5. exd5 cxd5 6. g4 Bg6 7. Ne5 Nc6 8. d4 e6 9. h4 f6 10. h5 Bf7 11. Nxc6 bxc6 12. Bf4 Bd6 13. Qd2 e5 14.
Be3 Ne7 15. g5 Nf5 16. h6 gxh6 17. gxf6 Nxe3 18. Qxe3 Qxf6 19. Rxh6 Bg6 20. O-O-O e4 21. Ne2 O-O 22. Qh3 Bf4+ 23. Nxf4 Qxf4+ 24. Kb1 Qf3 25. Rc1 Qxh3 26. Bxh3 Rxf2 27. Bd7 e3 28. Bxc6 Rd8 29.
Rh3 e2 30. Re3 Rd6 31. Bb5 Bh5 32. c4 Bg6+ 33. Ka1 Rf1 0-1

[Event "Late-Titled-Tuesday-Blitz-April-02-2024"]
[Site "Chess.com"]
[Date "2024.04.02"]
[Round "1"]
[White "UK_23"]
[Black "Rashad_Zeynalli"]
[Result "1/2-1/2"]
[WhiteElo "2402"]
[BlackElo "2687"]
[TimeControl "180+1"]
[EndTime "14:06:21 PDT"]
[Termination "Game drawn by repetition"]

1. e4 e5 2. Nf3 Nc6 3. d4 exd4 4.
Nxd4 Qf6 5. Nf3 Qg6 6. Bd3 Qxg2 7. Rg1 Qh3 8. Nc3 Bb4 9. Bd2 d6 10. Rxg7 Bg4 11. Ng5 Qh6 12. Rxg8+ Rxg8 13. Qxg4 Ne5 14. Qf5 Rxg5 15. Bxg5 Bxc3+ 16. bxc3 Qxg5 17. Qxg5 Nf3+ 18. Ke2 Nxg5 19. Rg1 Ne6 20. Rg8+ Nf8 21. Bc4 Ke7 22. Rg7 Ne6 23. Bxe6 Kxe6 24. Rxh7 Rg8 25. h4 Rg1 26. Rh8 Ra1 27. Rc8 Kd7 28. Rf8 Ke7 29. Rc8 Kd7 30. Rf8 Ke7 31. Rc8 Kd7 1/2-1/2

[Event "Late-Titled-Tuesday-Blitz-April-02-2024"]
[Site "Chess.com"]
[Date "2024.04.02"]
[Round "1"]
[White "ahkashefi2800"]
[Black "Yushko_Olga"]
[Result "1-0"]
[WhiteElo "2596"]
[BlackElo "2254"]
[TimeControl "180+1"]
[EndTime "14:06:22 PDT"]
[Termination "ahkashefi2800 won by resignation"]

1. d4 e6 2. Nf3 d5 3. g3 Nf6 4.
Bg2 Be7 5. c4 dxc4 6. O-O Nc6 7.
Qa4 O-O 8. Qxc4 Bd7 9. Nc3 a6 10. Qd3 Nb4 11. Qd1 Bc6 12. a3 Nbd5 13. Qc2 Nxc3 14.
bxc3 b5 15. Bg5 Be4 16. Qa2 Bd5 17. Qc2 Ne4 18. Bxe7 Qxe7 19. Ne5 f6 20. Bxe4 fxe5 21. Bxh7+ Kh8 22. dxe5 Qg5 23. f4 Qh5 24. Be4 c6 25.
Bf3 Qh6 26. Rad1 Rac8 27. Rf2 Rf5 28. Bxd5 cxd5 29. Rxd5 exd5 30. Qxf5 Rxc3 31. e6 Re3 32. e7 Qf6 33. e8=Q+ Rxe8 34. Qh5+ Kg8 35. Qxe8+ Kh7 36. Qh5+ Kg8 37. Qxd5+ 1-0

[Event "Late-Titled-Tuesday-Blitz-April-02-2024"]
[Site "Chess.com"]
[Date "2024.04.02"]
[Round "1"]
[White "SaqoChess_Twitch"]
[Black "Heliosis11"]
[Result "1-0"]
[WhiteElo "2694"]
[BlackElo "2393"]
[TimeControl "180+1"]
[EndTime "14:06:23 PDT"]
[Termination "SaqoChess_Twitch won by resignation"]

1. d4 Nf6 2. c4 e6 3. Nc3 Bb4 4. a3 Bxc3+ 5. bxc3 c5 6. e3 O-O 7. Bd3 d6 8. Ne2 Nc6 9. O-O e5 10. d5 Ne7 11. Ng3 a6 12. f4 exf4 13. exf4 Ng6 14. f5 Ne5 15. Bg5 h6 16. Bh4 Neg4 17. Nh5 Re8 18.
h3 Ne5 19. Be2 Bd7 20. Qe1 Kh7 21. Bxf6 gxf6 22. Qh4 Rf8 23. Nxf6+ Kg7 24. Nh5+ Kh7 25. f6 Ng6 26. Bd3 b5 27. cxb5 axb5 28. Nf4 c4 29. Nxg6 fxg6 30. Bxg6+ Kxg6 31. Qg3+ 1-0

[Event "Late-Titled-Tuesday-Blitz-April-02-2024"]
[Site "Chess.com"]
[Date "2024.04.02"]
[Round "1"]
[White "jamengrand"]
[Black "slidingknight2775"]
[Result "1-0"]
[WhiteElo "2308"]
[BlackElo "2604"]
[TimeControl "180+1"]
[EndTime "14:06:23 PDT"]
[Termination "jamengrand won by checkmate"]

1. e4 c5 2. Nf3 d6 3. d4 cxd4 4. Nxd4 Nf6 5. Nc3 a6 6. Bd3 g6 7. f3 Bg7 8. Be3 Nc6 9. Qd2 Bd7 10. O-O-O Rc8 11. Kb1 b5 12. Nxc6 Bxc6 13. Bh6 O-O 14. Bxg7 Kxg7 15. h4 b4 16. Ne2 h5 17. g4 hxg4 18.
h5 Rh8 19. hxg6 fxg6 20. Nf4 Bd7 21. Nxg6 Kxg6 22. e5+ Kf7 23. exf6 exf6 24. Be4 Be6 25. Rxh8 Qxh8 26. fxg4 Qd8 27. g5 Qa5 28. g6+ Kg7 29.
b3 Qe5 30. Rh1 Qg5 31. Qxd6 Bf5 32. Qe7+ Kxg6 33. Qh7# 1-0

[Event "Late-Titled-Tuesday-Blitz-April-02-2024"]
[Site "Chess.com"]
[Date "2024.04.02"]
[Round "1"]
[White "Jospem"]
[Black "Orest_Vovk"]
[Result "1-0"]
[WhiteElo "3036"]
[BlackElo "2537"]
[TimeControl "180+1"]
[EndTime "14:06:26 PDT"]
[Termination "Jospem won on time"]

1. e4 g5 2. Nc3 Bg7 3. Bc4 e6 4. a3 Nc6 5. Ba2 h5 6. d3 Nd4 7. Nge2 c5 8. O-O d6 9. Nxd4 cxd4 10.
Ne2 e5 11. c3 dxc3 12. Nxc3 h4 13. h3 g4 14. hxg4 h3 15. g3 h2+ 16. Kh1 Nf6 17.
f3 Be6 18. Bxe6 fxe6 19. Bg5 Qb6 20. Qd2 O-O-O 21. Bh4 Rdg8 22. a4 Kd7 23. a5 Qd8 24. Qc2 Ke7 25. Qb3 Qd7 26. a6 b6 27. Rac1 Kf7 28. Ne2 Bh6 29. Rc2 Bg5 30. Bxg5 Rxg5 31.
Rfc1 Ne8 32. d4 Kf6 33. Qe3 Qh7 34. dxe5+ dxe5 35. Rc6 Qh3 36. Qf2 Ng7 37. Rc7 Kg6 38. Rd1 Rf8 39. Rdd7 Ne8 40. Rxa7 Rxg4 41. Rh7 1-0

[Event "Late-Titled-Tuesday-Blitz-April-02-2024"]
[Site "Chess.com"]
[Date "2024.04.02"]
[Round "1"]
[White "Savagelittlemole"]
[Black "Angry_Twin"]
[Result "0-1"]
[WhiteElo "2503"]
[BlackElo "2927"]
[TimeControl "180+1"]
[EndTime "14:06:27 PDT"]
[Termination "Angry_Twin won on time"]

1. e4 c5 2. Ne2 Nf6 3. Nbc3 d6 4. g3 e5 5. Bg2 Be7 6. O-O O-O 7. d3 Nc6 8. f4 Rb8 9. a4 a6 10. Nd5 Be6 11. Nec3 Nd4 12. a5 Nxd5 13. Nxd5 Bxd5 14. exd5 exf4 15. Bxf4 Bg5 16. c3 Nf5 17. Qg4 Bxf4 18. Qxf5 Be5 19. Qg4 g6 20. h4 h5 21. Qf3 b6 22. axb6 Rxb6 23. Rf2 Qb8 24. Kh2 Rxb2 25.
Rxb2 Qxb2 26. Rxa6 Qxc3 27. Ra7 Qd4 28. Qe4 Qf2 29. Qf3 Qd4 30. Qe4 Rb8 31. Qxd4 Bxd4 32. Be4 Rb2+ 33. Kh3 Re2 34. Rd7 Be5 35. Rd8+ Kg7 36.
Rd7 Re3 37. Kh2 Rxg3 38. Kh1 Rg4 0-1

[Event "Late-Titled-Tuesday-Blitz-April-02-2024"]
[Site "Chess.com"]
[Date "2024.04.02"]
[Round "1"]
[White "rhungaski"]
[Black "TheMagician"]
[Result "0-1"]
[WhiteElo "2599"]
[BlackElo "2302"]
[TimeControl "180+1"]
[EndTime "14:06:27 PDT"]
[Termination "TheMagician won by resignation"]

1. e4 e5 2. Nf3 Nc6 3. d4 exd4 4. Nxd4 Bc5 5. Be3 Bb6 6. Nf5 Bxe3 7. Nxe3 Nf6 8. f3 d6 9. c4 O-O 10. Nc3 Nd7 11.
Bd3 Nde5 12. Bc2 Qh4+ 13. Ke2 Qd8 14. b3 Nd7 15. Qd2 Nc5 16. Rhf1 Qh4 17. h3 Ne6 18. Rae1 Ned4+ 19. Kd1 Nxc2 20. Kxc2 a5 21. a3 Bd7 22. Ned5 Qd8 23. Nb5 a4 24. b4 Ne5 25. Ndxc7 Rc8 26.
Qxd6 Nxc4 27. Qd5 Bxb5 28. Qxd8 Rfxd8 29. Nxb5 Nxa3+ 0-1

[Event "Late-Titled-Tuesday-Blitz-April-02-2024"]
[Site "Chess.com"]
[Date "2024.04.02"]
[Round "1"]
[White "lcmil"]
[Black "ArmanGhevondyanchess"]
[Result "0-1"]
[WhiteElo "2258"]
[BlackElo "2599"]
[TimeControl "180+1"]
[EndTime "14:06:27 PDT"]
[Termination "ArmanGhevondyanchess won by resignation"]

1. e4 c5 2. Nf3 Nc6 3. d4 cxd4 4.
Nxd4 g6 5. Nc3 Bg7 6. Be3 Nf6 7. Bc4 O-O 8. Bb3 a5 9. a4 Nb4 10. e5 Ne8 11. f4 d6 12. e6 f5 13. O-O Nf6 14. Nf3 d5 15. Bd4 Bxe6 16. Re1 Bf7 17.
Ng5 Qd7 18. Qe2 Ne4 19. Bxg7 Kxg7 20. Ncxe4 fxe4 21. Qd2 Qc6 22. Qd4+ Qf6 23. Rad1 Qxd4+ 24. Rxd4 e6 25. c4 Rad8 26. cxd5 exd5 27. Red1 Nd3 28. Nxf7 Rxf7 29. Rxd5 Rxd5 30. Bxd5 Rxf4 31. Bxe4 Nxb2 32. Rd7+ Rf7 33. Rxf7+ Kxf7 34. Bxb7 Nxa4 35. Kf2 Nc5 36. Bd5+ Kf6 37. Ke3 Ke5 38. Bg8 h6 39. Bf7 g5 40.
g3 Ne4 41. h4 Nxg3 42. hxg5 hxg5 43. Kf3 Ne4 44. Kg4 a4 45. Ba2 a3 46. Bg8 Kf6 47. Bd5 Nc3 48. Bb3 a2 49. Bxa2 Nxa2 0-1

[Event "Late-Titled-Tuesday-Blitz-April-02-2024"]
[Site "Chess.com"]
[Date "2024.04.02"]
[Round "1"]
[White "youngdinousaur"]
[Black "prime-morty"]
[Result "0-1"]
[WhiteElo "2229"]
[BlackElo "2585"]
[TimeControl "180+1"]
[EndTime "14:06:27 PDT"]
[Termination "prime-morty won by resignation"]

1. d4 d5 2. Nf3 a6 3. Bf4 Bf5 4. e3 e6 5. c4 Nf6 6. Nc3 Nbd7 7. Qb3 dxc4 8. Qxb7 Rb8 9. Qxc7 Qxc7 10. Bxc7 Rxb2 11. Ba5 Nd5 12. Bxc4 Nxc3 13. Bxc3 Rc2 14. Bxa6 Rxc3 15.
O-O Ba3 16. Bb5 Ke7 17. h3 Rb8 18. Ba4 Bd3 19. Rfe1 Bb2 20. Rad1 Bc2 21. Bxc2 Rxc2 22. d5 e5 23. d6+ Ke6 24. Ng5+ Kf6 25. Ne4+ Kf5 26.
Ng3+ Ke6 27. Ne4 h6 28. f4 f5 29. Ng3 e4 30. Kh2 Bc3 31. Re2 Rbb2 32. Rxc2 Rxc2 33.
a4 g6 34. a5 Bxa5 35. Rd4 Bb6 36. Rb4 Bxe3 37. Nf1 Bxf4+ 0-1

[Event "Late-Titled-Tuesday-Blitz-April-02-2024"]
[Site "Chess.com"]
[Date "2024.04.02"]
[Round "1"]
[White "wild3000"]
[Black "SRob2003"]
[Result "0-1"]
[WhiteElo "2378"]
[BlackElo "2671"]
[TimeControl "180+1"]
[EndTime "14:06:28 PDT"]
[Termination "SRob2003 won on time"]

1. d4 Nf6 2. Nf3 d5 3. e3 c5 4. Be2 Nc6 5. O-O Bg4 6. h3 Bh5 7.
Ne5 Bxe2 8. Qxe2 cxd4 9. Nxc6 bxc6 10. exd4 e6 11. c4 Be7 12. Nc3 O-O 13. Bf4 Qa5 14. c5 Nd7 15. a3 Bf6 16. b4 Qd8 17. Rad1 Re8 18. Qa6 Qc8 19. Qxc8 Raxc8 20. Bd6 e5 21. dxe5 Nxe5 22. Bxe5 Bxe5 23. Rc1 a6 24. Rc2 Bf6 25. Rd1 Re7 26. g3 g6 27. Kf1 Rce8 28. h4 h5 29. Ne2 Re4 30. Nf4 Kg7 31. Re2 Rxe2 32. Nxe2 Re4 33.
Rd3 Rc4 34. Nf4 Rc2 35. Ne2 Ra2 36. Nf4 Bb2 37. Ne2 Bxa3 38. Nd4 Bxb4 39. Nxc6 Bxc5 40. Rxd5 Bxf2 41. Rd7 Bxg3 42. Ra7 Bxh4 43. Ne5 Rf2+ 44. Kg1 Rf5 45. Nd7 Bf2+ 46. Kg2 Bxa7 0-1